Unix NetHack Version 3.7.0-53 Work-in-progress - last build Apr 4 2022 15:05:14 (0945cd16e85ecfe9c80600c62adfe552c28f66b8,branch:master). Game began 2022-04-10 11:11:46, ended 2022-04-10 11:16:44. elenmirie, neutral female human Tourist ------ ---#--- |.....###### ------- ##......| |....| # |.....| # |.....| |..... ## ##-...>.| # ----.-- |.^..| # # |.....-# # # |.....#################### ####......|# # ## -|---- #### ###### ######### |.....|# # ### ### # ############## ......|# ## # # #### --------------- # -.-----# # # # ##|.............. ##### # # ## ###### #|.............| ## ## # # # #............x.| ### ## # # ### |.............-### #### ## -----|---- -------------|-- --------------- #--.--# |....@.!.| |..)...........| |..)|# |!!!!!!!!| |...<..........| |...|# |!!d!.!..| |..............| +...-# |!m@!!!!!| ---------------- ----- ---------- Elenmirie the Sightseer St:11 Dx:10 Co:12 In:13 Wi:13 Ch:16 Neutral Dlvl:2 $:335 HP:0(25) Pw:11(11) AC:9 Xp:3/45 T:799 Latest messages: You see here a cloudy potion (for sale, 250 zorkmids). (For instructions type a '?') Call a cloudy potion: acoil cloudy You see here a milky potion (for sale, 100 zorkmids). (For instructions type a '?') Call a milky potion: 100 milk You see here an emerald potion (for sale, 150 zorkmids). (For instructions type a '?') Call an emerald potion: 150 emer You see here a dark potion (for sale, 250 zorkmids). (For instructions type a '?') Call a dark potion: acoil dark Wait! That's a giant mimic! You cannot escape from the giant mimic! What do you want to wield? [- an or ?*] n n - a crude dagger (weapon in hand). In what direction? h The dart hits the giant mimic. Njezjin seems uninterested. In what direction? h The dart hits the giant mimic. Njezjin seems uninterested. In what direction? h The dart hits the giant mimic. Njezjin seems uninterested. Yermak drops a potion called 100 yell. In what direction? h The dart hits the giant mimic. Njezjin seems uninterested. In what direction? h The dart hits the giant mimic. Njezjin seems uninterested. In what direction? h The dart hits the giant mimic. Njezjin seems uninterested. Yermak picks up a potion called 100 yell. In what direction? h The dart hits the giant mimic. In what direction? h The dart hits the giant mimic. Njezjin seems uninterested. The giant mimic hits! The giant mimic hits! You die... Njezjin gratefully inherits all your possessions. Do you want to see what you had when you died? [ynq] (y) y Do you want to see your attributes? [ynq] (y) y Do you want an account of creatures vanquished? [ynaq] (y) y Do you want to see your conduct and achievements? [ynq] (y) y Do you want to see the dungeon overview? [ynq] (y) y Major events: Turn 1: elenmirie the neutral female human Tourist entered the dungeon 660: attained the rank of Sightseer (level 3) 799: killed by a giant mimic Inventory: Coins $ - 335 gold pieces Amulets o - a cursed amulet of change Weapons a - 29 uncursed +2 darts (at the ready) n - an uncursed +0 orcish dagger (weapon in hand) Armor p - an uncursed +0 orcish helm q - an uncursed +0 orcish helm (being worn) k - an uncursed +0 Hawaiian shirt with a hula dancer motif (being worn) Comestibles e - an uncursed clove of garlic b - an uncursed cram ration h - an uncursed cream pie c - 4 uncursed food rations f - an uncursed pancake g - 3 uncursed pears d - an uncursed tripe ration Scrolls j - 4 uncursed scrolls of magic mapping Potions i - an uncursed potion of extra healing Tools m - an uncursed credit card l - an uncursed expensive camera (0:79) Elenmirie the Tourist's attributes: Background: You were a Sightseer, a level 3 female human Tourist. You were neutral, on a mission for The Lady who was opposed by Blind Io (lawful) and Offler (chaotic). You were in the Dungeons of Doom, on level 2. You entered the dungeon 799 turns ago. You had 45 experience points, 35 more were needed to attain level 4. Basics: You had 0 out of 25 hit points. You had all 11 energy points (spell power). Your armor class was 9. Your wallet contained 335 zorkmids. Autopickup was on, but temporarily disabled while inside the shop. Final Characteristics: Your strength was 11 (limit:18/100). Your dexterity was 10 (limit:18). Your constitution was 12 (limit:18). Your intelligence was 13 (limit:18). Your wisdom was 13 (limit:18). Your charisma was 16 (limit:18). Final Status: You were held by a giant mimic (west). You were not hungry. You were unencumbered. You were wielding a dagger. You were unskilled in dagger. Final Attributes: You were fervently aligned. You are dead. Miscellaneous: You never encountered a bones level. Total elapsed playing time was 4 minutes and 57 seconds. Vanquished creatures: 2 geckos a jackal a fox 2 kobolds 2 goblins 2 sewer rats 2 grid bugs 3 lichens a newt 16 creatures vanquished. No species were genocided or became extinct. Voluntary challenges: You were an atheist. You never hit with a wielded weapon. You were illiterate. You never engraved Elbereth. You never genocided any monsters. You never polymorphed an object. You never changed form. You used no wishes. Achievements: You attained the rank of Sightseer. You entered a shop. The Dungeons of Doom: levels 1 to 3 Level 1: A sink. Level 2: "unholy water in shop" <- You were here. A potion shop. Final resting place for you, killed by a giant mimic. Level 3: Game over: ---------- / \ / REST \ / IN \ / PEACE \ / \ | elenmirie | | 335 Au | | killed by a | | giant mimic | | | | | | 2022 | *| * * * | * _________)/\\_//(\/(/\)/\//\/|_)_______ Aloha elenmirie the Tourist... You died in The Dungeons of Doom on dungeon level 2 with 302 points, and 335 pieces of gold, after 799 moves. You were level 3 with a maximum of 25 hit points when you died.